 Dungeon Crawl Stone Soup version 0.27-a0-1324-ge0d8e047f6 (webtiles) character file.

Game seed: 11065386296357887308

442 Alarak the Ducker (level 7, -3/59 HPs)
             Began as a Gnoll Monk on June 24, 2021.
             Was an Elder of Jiyva.
             Slain by a vampire mosquito (10 damage)
             ... on level 8 of the Dungeon.
             The game lasted 00:09:04 (4560 turns).

Alarak the Ducker (Gnoll Monk)                      Turns: 4560, Time: 00:09:04

Health: -3/59      AC:  4    Str: 15    XL:     7   Next: 2%
Magic:  10/10      EV: 15    Int: 10    God:    Jiyva [****..]
Gold:   44         SH:  5    Dex: 17    Spells: 10/10 levels left

rFire    . . .     SeeInvis .   k - +4 short sword (venom)
rCold    . . .     Faith    .   c - +0 buckler
rNeg     . . .     Spirit   .   j - +0 leather armour
rPois    .         Reflect  .   (helmet restricted)
rElec    .         Harm     .   (no cloak)
rCorr    +         Rampage  .   h - +2 pair of gloves
Will     .....                  (no boots)
Stlth    +++.......             (no amulet)
HPRegen  0.19/turn              i - +6 ring of strength
MPRegen  0.12/turn              (no ring)

@: no status effects
A: fangs 1, strong nose, distributed training, antennae 1, deformed body
a: Renounce Religion, Request Jelly, Slimify


You were on level 8 of the Dungeon.
You worshipped Jiyva.
Jiyva was greatly pleased with you.
You visited 1 branch of the dungeon, and saw 6 of its levels.

You collected 44 gold pieces.

Inventory:

Hand Weapons
 a - a +0 falchion
 k - a +4 short sword of venom (weapon)
 l - a +0 hand crossbow
 n - a +0 hand axe of venom
Missiles
 m - 10 bolts
Armour
 b - a +0 robe
 c - a +0 buckler (worn)
 h - a +2 pair of gloves (worn)
 j - a +0 leather armour (worn)
Jewellery
 i - a +6 ring of strength (left hand)
Scrolls
 f - 2 scrolls of identify
Potions
 d - a potion of haste
 g - a potion of curing {unknown}
 o - 3 potions of ambrosia {unknown}


   Skills:
 + Level 6.9 Fighting
 + Level 2.2 Short Blades
 + Level 6.9 Long Blades
 + Level 2.2 Axes
 + Level 2.2 Maces & Flails
 + Level 2.2 Polearms
 + Level 2.2 Staves
 + Level 2.2 Slings
 + Level 2.2 Bows
 + Level 2.2 Crossbows
 + Level 2.2 Throwing
 + Level 2.2 Armour
 + Level 6.9 Dodging
 + Level 4.7 Stealth
 + Level 2.2 Shields
 + Level 2.2 Unarmed Combat
 + Level 2.2 Spellcasting
 + Level 1.8 Conjurations
 + Level 1.8 Hexes
 + Level 1.8 Summonings
 + Level 1.8 Necromancy
 + Level 1.8 Translocations
 + Level 1.8 Transmutations
 + Level 1.8 Fire Magic
 + Level 1.8 Ice Magic
 + Level 1.8 Air Magic
 + Level 1.8 Earth Magic
 + Level 1.8 Poison Magic
 + Level 2.4 Invocations
 + Level 2.2 Evocations


You had 10 spell levels left.
You didn't know any spells.
Your spell library was empty.

Dungeon Overview and Level Annotations

Branches:
Dungeon (5/15)             Temple (0/1) D:4

Altars:
Ashenzari
Cheibriados
Elyvilon
Fedhas
Makhleb
Okawaru
Ru
Sif Muna
Xom
Zin
Jiyva


Innate Abilities, Weirdness & Mutations

You have very sharp teeth.
Your uncanny sense of smell can sniff out nearby items.
Your experience applies equally to all skills.
You have a pair of small antennae on your head.
Armour fits poorly on your strangely shaped body.


Message History

The vampire mosquito bites you.
The vampire mosquito draws strength from your injuries!
You block the wyvern's attack.
The kobold brigand howls, "Help!"
The vampire mosquito bites you but does no damage.
You block the wyvern's attack.
You hit the wyvern but do no damage.
The wyvern looks as sick as possible!
The wyvern is lightly wounded.
The vampire mosquito bites you.
The vampire mosquito draws strength from your injuries!
The wyvern bites you! The vampire mosquito bites you.
The vampire mosquito draws strength from your injuries!
You closely miss the wyvern.
The wyvern is lightly wounded.
The vampire mosquito completely misses you.
The centaur zombie hits you but does no damage.
The centaur zombie barely misses you. The wyvern closely misses you.
An orc warrior comes into view. It is wielding a +2 mace of draining.
The vampire mosquito barely misses you.
The vampire mosquito bites you but does no damage.
The centaur zombie hits you but does no damage.
The centaur zombie misses you. You block the wyvern's attack.
The orc warrior shouts!
You puncture the wyvern!
The wyvern is severely wounded.
The vampire mosquito bites you!
The vampire mosquito draws strength from your injuries!
The vampire mosquito bites you!
The vampire mosquito draws strength from your injuries!
The wyvern bites you!
* * * LOW HITPOINT WARNING * * *
The centaur zombie misses you. You block the centaur zombie's attack.
The vampire mosquito bites you but does no damage.
The vampire mosquito misses you.
Unknown command.
You hit the wyvern but do no damage.
The wyvern looks as sick as possible!
The wyvern is severely wounded.
The tengu warrior seems to regain its courage.
The wyvern closely misses you. The vampire mosquito bites you!
You die...

Q..# ..
....#
#...#..
..#.#
∆#...#.
#..... ..#..
#o....# .
#...#.....
... .Z.....
#...#Zl.#
#.y@# ∆
#...#y......
#...#..
#...###
K#..z#.
#....# .....
....# ...#
.. ...# #..
#.. ..# .#
!#. ..#


You could see a tengu warrior, an orc warrior, a wyvern (extremely poisoned), 2
vampire mosquitoes, a kobold brigand (fleeing), a wight, a hornet zombie and a
centaur zombie.

Vanquished Creatures
  An ogre (D:5)
  3 scorpions
  An iguana (D:5)
  An orc wizard (D:3)
  4 adders
  4 gnolls (D:2)
  An ufetubus (D:5)
  A worm (D:3)
  3 dart slugs
  2 orcs (D:3)
  3 bats (D:1)
  2 endoplasms (D:1)
  A giant cockroach (D:4)
  3 goblins
  2 hobgoblins
  5 jackals (D:1)
  A quokka (D:4)
  3 ball pythons (D:1)
  A frilled lizard (D:3)
  7 kobolds
49 creatures vanquished.

Vanquished Creatures (others)
  A phantom (D:5)
  A centaur skeleton (D:5)
  A hound (D:5)
  A hound skeleton (D:4)
  An adder (D:5)
  A worm (D:3)
  A dart slug (D:4)
  5 orcs
  2 endoplasms
  A giant cockroach (D:4)
  4 hobgoblins
  A kobold (D:3)
  A quokka (D:3)
  2 ball pythons
  2 bats (D:3)
  A frilled lizard (D:3)
  A rat (D:2)
  11 plants
38 creatures vanquished.

Grand Total: 87 creatures vanquished

Notes
Turn   | Place    | Note
-------+----------+-------------------------------------------
     0 | D:1      | Alarak the Gnoll Monk began the quest for the Orb.
     0 | D:1      | Reached XP level 1. HP: 23/23 MP: 1/1
   410 | D:1      | Found a faded altar of an unknown god.
   432 | D:1      | Reached XP level 2. HP: 25/29 MP: 2/2
   465 | D:1      | Became a worshipper of Jiyva Jiemu the Shapeless
   465 | D:1      | Reached * piety under Jiyva
   465 | D:1      | Reached ** piety under Jiyva
   819 | D:1      | Reached XP level 3. HP: 35/35 MP: 3/3
   996 | D:1      | Reached *** piety under Jiyva
  1239 | D:2      | Reached skill level 1 in Invocations
  1255 | D:2      | Reached skill level 1 in Short Blades
  1255 | D:2      | Reached skill level 1 in Axes
  1255 | D:2      | Reached skill level 1 in Maces & Flails
  1255 | D:2      | Reached skill level 1 in Polearms
  1255 | D:2      | Reached skill level 1 in Staves
  1255 | D:2      | Reached skill level 1 in Slings
  1255 | D:2      | Reached skill level 1 in Bows
  1255 | D:2      | Reached skill level 1 in Crossbows
  1255 | D:2      | Reached skill level 1 in Throwing
  1255 | D:2      | Reached skill level 1 in Armour
  1255 | D:2      | Reached skill level 1 in Shields
  1255 | D:2      | Reached skill level 1 in Unarmed Combat
  1255 | D:2      | Reached skill level 1 in Spellcasting
  1255 | D:2      | Reached skill level 1 in Evocations
  1263 | D:2      | Reached XP level 4. HP: 17/41 MP: 5/5
  2091 | D:3      | Reached skill level 1 in Conjurations
  2091 | D:3      | Reached skill level 1 in Hexes
  2091 | D:3      | Reached skill level 1 in Summonings
  2091 | D:3      | Reached skill level 1 in Necromancy
  2091 | D:3      | Reached skill level 1 in Translocations
  2091 | D:3      | Reached skill level 1 in Transmutations
  2091 | D:3      | Reached skill level 1 in Fire Magic
  2091 | D:3      | Reached skill level 1 in Ice Magic
  2091 | D:3      | Reached skill level 1 in Air Magic
  2091 | D:3      | Reached skill level 1 in Earth Magic
  2091 | D:3      | Reached skill level 1 in Poison Magic
  2129 | D:3      | Found a burning altar of Makhleb.
  2129 | D:3      | Found a sacrificial altar of Ru.
  2129 | D:3      | Found a broken altar of Ashenzari.
  2146 | D:3      | Reached **** piety under Jiyva
  2209 | D:3      | Gained mutation: Armour fits poorly on your strangely
                  | shaped body. [Jiyva's grace]
  2465 | D:3      | Found a snail-covered altar of Cheibriados.
  2475 | D:3      | Reached XP level 5. HP: 23/47 MP: 5/7
  2757 | D:3      | Found a white marble altar of Elyvilon.
  3150 | D:4      | Found a blossoming altar of Fedhas.
  3248 | D:4      | Found a staircase to the Ecumenical Temple.
  3268 | D:4      | Gained mutation: You have a pair of small antennae on your
                  | head. [Jiyva's grace]
  3311 | D:4      | Reached XP level 6. HP: 28/53 MP: 8/8
  3974 | D:5      | Entered Level 5 of the Dungeon
  4170 | D:5      | Found an iron altar of Okawaru.
  4307 | D:5      | Reached XP level 7. HP: 59/59 MP: 10/10
  4342 | D:5      | Found a shimmering blue altar of Sif Muna.
  4520 | D:5      | Noticed an angel
  4521 | D:5      | Found a shimmering altar of Xom.
  4521 | D:5      | Found a glowing silver altar of Zin.
  4552 | D:5      | You fall into a shaft and drop 3 floors!
  4552 | D:8      | Noticed a centaur warrior
  4552 | D:8      | Noticed a vampire mosquito
  4553 | D:8      | Noticed a tengu warrior
  4553 | D:8      | Noticed a wyvern
  4554 | D:8      | Noticed a hornet
  4555 | D:8      | Noticed a vampire mosquito
  4560 | D:8      | Slain by a vampire mosquito

Illustrated notes

Levels and vault maps discovered:
D:1:      kilobyte_arrival_exit_the_forest, layout_basic,
          hellmonk_ecumenical_altar_leap_of_faith
D:2:      layout_loops_ring, st_stairs_10
D:3:      layout_loops_ring, nicolae_elyvilon_temple_path,
          gammafunk_temple_overflow_claw, lemuel_tele_altar
D:4:      layout_basic, old_standard_altar, minmay_temple_entry_poolview
D:5:      layout_loops_cross, grunt_temple_overflow_order_and_chaos_1,
          nicolae_overflow_hidden_temple, okawaru_trees_1,
          kennysheep_little_box, gup_sewer_entry_bubbles
D:8:      cheibrodos_fzero, layout_basic, nemelex_xobeh_ov_fountains_minmay

Skill      XL: |  1  2  3  4  5  6 |
---------------+-------------------+-----
Invocations    | 1 2 |  2.4
Short Blades   | 1 2 |  2.2
Axes           | 1 2 |  2.2
Maces & Flails | 1 2 |  2.2
Polearms       | 1 2 |  2.2
Staves         | 1 2 |  2.2
Slings         | 1 2 |  2.2
Bows           | 1 2 |  2.2
Crossbows      | 1 2 |  2.2
Throwing       | 1 2 |  2.2
Armour         | 1 2 |  2.2
Shields        | 1 2 |  2.2
Unarmed Combat | 1 2 |  2.2
Spellcasting   | 1 2 |  2.2
Evocations     | 1 2 |  2.2
Conjurations   | 1 |  1.8
Hexes          | 1 |  1.8
Summonings     | 1 |  1.8
Necromancy     | 1 |  1.8
Translocations | 1 |  1.8
Transmutations | 1 |  1.8
Fire Magic     | 1 |  1.8
Ice Magic      | 1 |  1.8
Air Magic      | 1 |  1.8
Earth Magic    | 1 |  1.8
Poison Magic   | 1 |  1.8
Fighting       | |  6.9
Long Blades    | |  6.9
Dodging        | |  6.9
Stealth        | |  4.7

Action                   |  1- 3 |  4- 6 |  7- 9 || total
-------------------------+-------+-------+-------++-------
Melee: Falchion          |    66 |    50 |       ||   116
       Bite              |     4 |    13 |       ||    17
       Short sword       |       |    50 |     5 ||    55
 Fire: Hand crossbow     |       |     4 |       ||     4
  Use: Scroll            |       |       |     3 ||     3
 Stab: Sleeping          |     5 |     5 |       ||    10
       Distracted        |       |     1 |       ||     1
Armor: Robe              |    23 |     3 |       ||    26
       Leather armour    |       |     4 |     6 ||    10
Dodge: Dodged            |    55 |    56 |    13 ||   124
Block: Buckler           |    10 |    17 |     5 ||    32
       Rpst.: Falchion   |    18 |     8 |       ||    26

Table legend: (Time is in decaauts)
 A = Elapsed time spent in this place.
 B = Non-inter-level travel time spent in this place.
 C = Inter-level travel time spent in this place.
 D = Time resting spent in this place.
 E = Time spent auto-exploring this place.
 F = Levels seen in this place.
 G = Mean time per level.
                   A        B        C        D        E       F      G
               +--------+--------+--------+--------+--------+-----+--------+
         Total |   4571 |   4438 |    133 |    846 |   3200 |   6 |  761.8 |
       Dungeon |   4571 |   4438 |    133 |    846 |   3200 |   6 |  761.8 |
               +--------+--------+--------+--------+--------+-----+--------+

Top non-repeatable levels by time:
     D:1: 1087 daAuts
     D:4: 1004 daAuts
     D:2: 1000 daAuts
     D:3: 892 daAuts
     D:5: 579 daAuts
     D:8: 7 daAuts
